 Dungeon Crawl Stone Soup version 0.22-a0-402-ga933591907 (webtiles) character file.

41059 D1HalberdGnoll the Markscentaur (level 13, 0/118 HPs)
             Began as a Centaur Hunter on May 5, 2018.
             Was a High Priest of Okawaru.
             Slain by a water moccasin (2 damage)
             ... on level 6 of the Lair of Beasts.
             The game lasted 00:36:16 (19249 turns).

D1HalberdGnoll the Markscentaur (Centaur Hunter)   Turns: 19249, Time: 00:36:16

Health: 0/118      AC: 12    Str: 25    XL:     13   Next: 78%
Magic:  21/21      EV:  1    Int: 11    God:    Okawaru [*****.]
Gold:   906        SH:  0    Dex: 14    Spells: 12/12 levels left

rFire    . . .     SeeInvis .   I - +4 longbow
rCold    . . .     Gourm    +   (shield currently unavailable)
rNeg     + + +     Faith    .   r - +0 ring mail (curse)
rPois    ∞         Spirit   .   o - +0 helmet
rElec    .         Reflect  .   E - scarf {repulsion}
rCorr    .         Harm     .   y - +0 pair of gloves
MR       .....                  u - +2 centaur barding
Stlth    +++.......             A - amulet of the gourmand
HPRegen  0.29/turn              m - ring of Serghiuz {*Corrode EV+3 Str+7 Stlth+}
MPRegen  0.17/turn              F - +3 ring of strength

@: petrified, heroism, corroded, repel missiles, very quick
A: large, hooves 3, deformed body, speed 2, tough skin 3
a: Heroism, Finesse, Renounce Religion


You were on level 6 of the Lair of Beasts.
You worshipped Okawaru.
Okawaru was extremely pleased with you.
You were completely stuffed.

You visited 3 branches of the dungeon, and saw 17 of its levels.

You collected 930 gold pieces.
You spent 24 gold pieces at shops.

Inventory:

Hand Weapons
 b - the +8 mace "Jenijof" {flame, rF+ Str+3}
   (You found it on level 10 of the Dungeon)

   It has been specially enchanted to burn those struck by it, causing extra
   injury to most foes and up to half again as much damage against particularly
   susceptible opponents.
   It affects your strength (+3).
   It protects you from fire.
 I - a +4 longbow (weapon)
Missiles
 d - 244 arrows (quivered)
Armour
 o - a +0 helmet (worn)
 r - a cursed +0 ring mail (worn)
 u - a +2 centaur barding (worn)
 y - a +0 pair of gloves (worn)
 E - a scarf of repulsion (worn)
Jewellery
 m - the ring of Serghiuz (left hand) {*Corrode EV+3 Str+7 Stlth+}
   (You found it on level 6 of the Dungeon)

   [ring of evasion]

   It affects your evasion (+3).
   It affects your strength (+7).
   It may corrode you when you take damage.
   It makes you more stealthy.
 A - an amulet of the gourmand (around neck)
 F - a +3 ring of strength (right hand)
Wands
 a - a wand of scattershot (8)
 n - a wand of random effects (38)
 t - a wand of digging (13)
Scrolls
 g - 8 scrolls of remove curse
 h - 2 scrolls of amnesia
 i - a scroll of magic mapping
 l - 6 scrolls of teleportation
 v - 3 scrolls of identify
 x - 3 scrolls of blinking
 z - a scroll of immolation
 D - a scroll of fear
Potions
 c - 3 potions of flight
 e - 3 potions of haste
 j - 7 potions of heal wounds
 k - 5 potions of curing
 q - 2 potions of brilliance {unknown}
 s - a potion of ambrosia {unknown}
 w - a potion of agility {unknown}
 B - a potion of might {unknown}
 C - a potion of mutation {unknown}
Miscellaneous
 p - a lamp of fire
Comestibles
 f - 36 rations
 G - 7 chunks of flesh


   Skills:
 + Level 12.0(17.0) Fighting
 * Level 18.0(23.0) Bows
 + Level 8.8(13.8) Armour
 - Level 1.3(6.3) Dodging
 - Level 0.4(5.4) Stealth
 + Level 11.4 Invocations


You had 12 spell levels left.
You didn't know any spells.

Dungeon Overview and Level Annotations

Branches:
Dungeon (10/15)            Temple (1/1) D:6            Lair (6/6) D:10
  Swamp (0/4) Lair:3       Spider (0/4) Lair:3        Slime (0/5) Lair:5
    Orc (0/2) D:9

Altars:
Ashenzari
Kikubaaqudgha
Okawaru
Qazlal
Ru
Uskayaw
Vehumet
Jiyva

Shops:
D:4 (:?(   D:6 =   D:9 %


Innate Abilities, Weirdness & Mutations

You have hooves in place of feet.
Armour fits poorly on your strangely shaped body.
You cover ground very quickly.
You have extremely tough skin. (AC +3)


Message History

The water moccasin bites you but does no damage.
The worker ant bites the fungus.
The water moccasin bites you.
* * * LOW HITPOINT WARNING * * *
The yak gores you!
* * * LOW HITPOINT WARNING * * *
The water moccasin bites you but does no damage.
The yak gores you but does no damage. The yak gores you.
* * * LOW HITPOINT WARNING * * *
The yak gores you.
* * * LOW HITPOINT WARNING * * *
The worker ant bites the fungus.
The water moccasin bites you but does no damage. x2
The yak gores you!
* * * LOW HITPOINT WARNING * * *
The yak gores you!
* * * LOW HITPOINT WARNING * * *
The yak gores you.
* * * LOW HITPOINT WARNING * * *
The water moccasin bites you.
You die...

...###...............††.
... #........(.........
##.................
##...........^.....
#.........P≈.≈≈≈P..
##.....≈..≈(.#≈≈##≈ #
#.....≈##P≈.#≈≈##≈
#.#SY...≈≈≈≈≈≈≈≈≈≈≈≈
#.@YS(.≈≈≈P≈≈≈(P≈≈≈
#.PSYY.(..##≈########
......al.....#.≈#
.............≈≈≈≈
............≈≈≈≈
............≈##≈
............≈.#
.....#.......≈≈


You could see a black mamba, 4 yaks, a basilisk, 2 water moccasins and a worker
ant.

Vanquished Creatures
  Rupert (Lair:3)
  The ghost of NihilVerum the Frost Mage, a journeyman DrIE of Dithmenos (Lair:5)
  3 hydras
  2 two-headed ogres
  Erica (Lair:2)
  Nergalle (Lair:3)
  A sea snake (Lair:6)
  A manticore (Lair:6)
  11 elephants
  A centaur zombie (D:10)
  4 black mambas
  10 spiny frogs
  2 rime drakes (Lair:6)
  5 komodo dragons
  7 jumping spiders (Lair:3)
  Prince Ribbit (D:9)
  9 dream sheep
  2 polar bears
  4 hippogriffs
  8 blink frogs (Lair:1)
  3 redbacks (Lair:3)
  3 wyverns
  2 basilisks
  42 yaks
  A hungry ghost (D:7)
  Duvessa (D:7)
  5 porcupines
  16 water moccasins
  An orc warrior (D:7)
  2 ice beasts
  3 phantoms
  A necrophage (D:8)
  6 ogres
  2 sky beasts
  24 wolves
  7 centaurs
  13 crocodiles
  4 big kobolds (D:8)
  10 bullfrogs
  Dowan (D:7)
  2 scorpions
  4 killer bees (D:10)
  5 wights (D:9)
  3 howler monkeys
  A bullfrog zombie (D:5)
  A quasit (D:8)
  3 centaur skeletons
  2 bullfrog skeletons
  2 orc priests
  6 hounds
  7 orc wizards
  2 iguanas
  7 worker ants
  2 hound zombies (D:5)
  4 hound skeletons
  2 howler monkey zombies
  Robin (D:2)
  A worker ant zombie (D:5)
  9 adders
  15 gnolls
  A shadow imp (D:8)
  An ooze (D:3)
  An adder skeleton (D:6)
  3 adder zombies
  2 worms
  3 dart slugs
  4 leopard geckos
  13 orcs
  2 ball pythons (D:2)
  6 giant cockroaches
  17 goblins
  11 hobgoblins
  15 jackals
  12 kobolds
  3 quokkas
  8 bats
  5 frilled lizards
  A jackal zombie (D:5)
  3 leopard gecko skeletons
  A leopard gecko zombie (D:5)
  4 quokka zombies (D:5)
  12 rats
429 creatures vanquished.

Vanquished Creatures (others)
  8 fungi
  2 plants
10 creatures vanquished.

Grand Total: 439 creatures vanquished

Notes
Turn   | Place    | Note
-------+----------+-------------------------------------------
     0 | D:1      | D1HalberdGnoll the Centaur Hunter began the quest for the Orb.
     0 | D:1      | Reached XP level 1. HP: 17/17 MP: 1/1
    84 | D:1      | Reached XP level 2. HP: 12/25 MP: 2/2
   101 | D:1      | Reached skill level 6 in Bows
   548 | D:1      | Reached XP level 3. HP: 30/30 MP: 3/3
  1147 | D:2      | Noticed Robin
  1359 | D:2      | Killed Robin
  1469 | D:2      | Reached XP level 4. HP: 37/37 MP: 4/4
  1523 | D:2      | Reached skill level 7 in Bows
  2411 | D:3      | Reached XP level 5. HP: 35/45 MP: 5/5
  2931 | D:3      | Reached skill level 8 in Bows
  3578 | D:4      | Reached XP level 6. HP: 44/52 MP: 6/6
  3807 | D:4      | Found Atephaci's Antique Weapon Shop.
  3830 | D:4      | Found Piomoqaw's Book Emporium.
  3905 | D:4      | Reached skill level 9 in Bows
  3969 | D:4      | Found Ofyoniwn's Magic Scroll Emporium.
  3972 | D:4      | Bought a scroll of identify for 24 gold pieces
  4186 | D:4      | Found Uxapu's Antique Weapon Shop.
  4346 | D:4      | Reached XP level 7. HP: 34/60 MP: 7/7
  4970 | D:5      | Entered Level 5 of the Dungeon
  4981 | D:5      | Reached skill level 1 in Armour
  5064 | D:5      | Found an ancient bone altar of Kikubaaqudgha.
  5117 | D:5      | Reached skill level 10 in Bows
  5300 | D:5      | Reached skill level 5 in Fighting
  5472 | D:5      | Noticed a wyvern
  5503 | D:5      | Killed a wyvern
  5503 | D:5      | Reached XP level 8. HP: 17/68 MP: 8/8
  5957 | D:5      | Reached skill level 11 in Bows
  6887 | D:6      | Found Ete Muh's Jewellery Shop.
  6950 | D:6      | Found a staircase to the Ecumenical Temple.
  6961 | Temple   | Entered the Ecumenical Temple
  6972 | Temple   | Became a worshipper of Warmaster Okawaru
  6987 | D:6      | Got a smoking iron ring
  6988 | D:6      | Identified the ring of Serghiuz {*Corrode EV+3 Str+7 Stlth+} (You found it on level 6 of the Dungeon)
  7381 | D:6      | Reached skill level 1 in Invocations
  7714 | D:7      | Reached skill level 12 in Bows
  7740 | D:7      | Noticed a hippogriff
  7747 | D:7      | Killed a hippogriff
  7747 | D:7      | Reached * piety under Okawaru
  7747 | D:7      | Reached XP level 9. HP: 78/78 MP: 10/10
  7904 | D:7      | Noticed Dowan
  7905 | D:7      | Noticed Duvessa
  7918 | D:7      | Killed Duvessa
  7926 | D:7      | Killed Dowan
  8498 | D:7      | Reached ** piety under Okawaru
  8557 | D:8      | Reached skill level 13 in Bows
  9014 | D:8      | Reached *** piety under Okawaru
  9032 | D:8      | Reached XP level 10. HP: 86/86 MP: 10/13
  9144 | D:8      | Noticed a two-headed hydra
  9161 | D:8      | Killed a two-headed hydra
  9161 | D:8      | Received a gift from Okawaru
  9161 | D:8      | Reached skill level 14 in Bows
  9161 | D:8      | Reached skill level 5 in Invocations
  9476 | D:9      | Found Ohuis's Food Boutique.
  9561 | D:9      | Noticed Prince Ribbit
  9589 | D:9      | Killed Prince Ribbit
  9609 | D:9      | Found a staircase to the Orcish Mines.
  9639 | D:9      | Reached skill level 5 in Armour
  9662 | D:9      | Reached **** piety under Okawaru
  9671 | D:9      | Received a gift from Okawaru
  9694 | D:9      | Noticed a two-headed ogre
  9726 | D:9      | Killed a two-headed ogre
 10089 | D:10     | Entered Level 10 of the Dungeon
 10137 | D:10     | Found a staircase to the Lair.
 10141 | D:10     | Got an encrusted mace
 10177 | D:10     | Reached skill level 15 in Bows
 10576 | D:10     | Reached XP level 11. HP: 77/95 MP: 15/15
 11033 | D:10     | Noticed a two-headed ogre
 11044 | D:10     | Killed a two-headed ogre
 11204 | Lair:1   | Entered Level 1 of the Lair of Beasts
 11205 | Lair:1   | Identified the +8 mace "Jenijof" {flame, rF+ Str+3} (You found it on level 10 of the Dungeon)
 11230 | Lair:1   | Reached ***** piety under Okawaru
 11249 | Lair:1   | Received a gift from Okawaru
 12443 | Lair:1   | Reached skill level 16 in Bows
 12847 | Lair:2   | Noticed a four-headed hydra
 12855 | Lair:2   | Killed a four-headed hydra
 13639 | Lair:2   | Received a gift from Okawaru
 13639 | Lair:2   | Reached XP level 12. HP: 106/106 MP: 12/18
 13640 | Lair:2   | Reached skill level 10 in Fighting
 13655 | Lair:2   | Received a gift from Okawaru
 13820 | Lair:2   | Noticed Erica
 13829 | Lair:2   | Killed Erica
 14357 | Lair:3   | Received a gift from Okawaru
 14872 | Lair:3   | Found a hole to the Spider Nest.
 15079 | Lair:3   | Noticed Nergalle
 15094 | Lair:3   | Killed Nergalle
 15094 | Lair:3   | Received a gift from Okawaru
 15094 | Lair:3   | Reached skill level 10 in Invocations
 15535 | Lair:3   | Noticed Rupert
 15554 | Lair:3   | Killed Rupert
 15598 | Lair:3   | Found a staircase to the Swamp.
 16014 | Lair:4   | Reached XP level 13. HP: 66/116 MP: 20/20
 17240 | Lair:5   | Received a gift from Okawaru
 17245 | Lair:5   | Reached skill level 17 in Bows
 17834 | Lair:5   | Received a gift from Okawaru
 18004 | Lair:5   | Found a viscous altar of Jiyva.
 18014 | Lair:5   | Found a staircase to the Slime Pits.
 18014 | Lair:5   | Noticed NihilVerum's ghost (journeyman DrIE)
 18036 | Lair:5   | Killed NihilVerum's ghost
 18551 | Lair:6   | Entered Level 6 of the Lair of Beasts
 18637 | Lair:6   | Received a gift from Okawaru
 19021 | Lair:6   | Received a gift from Okawaru
 19143 | Lair:6   | Reached skill level 18 in Bows
 19249 | Lair:6   | HP: 4/118 [yak (5)]
 19249 | Lair:6   | Slain by a water moccasin

Vault maps used:
D:1:      dpeg_arrival_rooms_c
D:2:      uniq_robin
D:4:      serial_shops, nicolae_shop_window_shopping, shop, nicolae_shop_trees,
          nicolae_shop_temple_entry_statues_fountains, grunt_ministairs_14,
          hex_medium
D:5:      old_standard_altar, serial_undead, serial_undead_c, serial_undead_e,
          serial_undead_a, serial_undead_d, first_ration,
          kennysheep_small_square
D:6:      minmay_temple_entry_glass, serial_shops, shop
D:7:      uniq_duvessa
D:8:      hangedman_ranch
D:9:      orc_0_dummy, serial_shops, kennysheep_mini, uniq_prince_ribbit1
D:10:     david_lair_shrubbed
Temple:   nicolae_temple_the_god_donut
Lair:2:   uniq_erica
Lair:3:   swamp_mist, nicolae_spider_entry_tight_spaces, beast_lair_carwin_2,
          uniq_nergalle, uniq_rupert
Lair:5:   dpeg_slime_entry_enclosed_altar
Lair:6:   gammafunk_lair_ancient_temple, zaba_anthell, infiniplex_staircase_pool

Skill      XL: |  1  2  3  4  5  6  7  8  9 10 11 12 13 |
---------------+----------------------------------------+-----
Bows           | 6 7 8 9 10 12 13 15 16 18 | 18.0
Fighting       | 3 4 5 6 7 8 9 11 12 | 12.0
Armour         | 2 3 4 5 6 8 |  8.8
Invocations    | 2 4 6 8 10 11 | 11.4
Dodging        | |  1.3
Stealth        | |  0.4

Action                   |  1- 3 |  4- 6 |  7- 9 | 10-12 | 13-15 || total
-------------------------+-------+-------+-------+-------+-------++-------
Melee: Short sword       |     3 |       |       |       |       ||     3
       Kick              |     1 |     4 |    24 |     3 |       ||    32
       Club              |       |    11 |    79 |       |       ||    90
       Mace              |       |       |       |    13 |       ||    13
       Punch             |       |       |       |     1 |       ||     1
 Fire: Shortbow          |   113 |   236 |   355 |   693 |       ||  1397
       Longbow           |       |       |       |    69 |   315 ||   384
Invok: Heroism           |       |       |     2 |     7 |     5 ||    14
       Finesse           |       |       |       |     9 |     6 ||    15
Evoke: Wand              |       |       |     1 |     3 |       ||     4
  Use: Scroll            |       |     3 |     7 |    16 |       ||    26
       Potion            |       |       |     2 |     2 |       ||     4
  Eat: Chunk             |       |     8 |     7 |    20 |    12 ||    47
       Ration            |       |       |     2 |       |       ||     2
Armor: Leather armour    |    16 |     6 |       |       |       ||    22
       Ring mail         |       |    31 |   127 |       |    60 ||   218
       Scale mail        |       |       |    10 |   139 |    13 ||   162
Dodge: Dodged            |    17 |    45 |    83 |   135 |    45 ||   325

Table legend:
 A = Spawn XP
 B = Non-spawn XP
 C = Spawn XP percentage of total XP
 D = Spawn monster count
 E = Non-spawn monster count
 F = Spawn count percentage of total count
 G = Total turns spent on level
                    A         B        C        D         E        F      G
               +---------+---------+-------+---------+---------+-------+---------
         Total |       0 |   58656 |   0.0 |       0 |     429 |   0.0 | 19249
               +---------+---------+-------+---------+---------+-------+---------
           D:1 |       0 |      57 |   0.0 |       0 |      25 |   0.0 |  1318
           D:2 |       0 |     110 |   0.0 |       0 |      42 |   0.0 |   852
           D:3 |       0 |     173 |   0.0 |       0 |      31 |   0.0 |  1136
           D:4 |       0 |     395 |   0.0 |       0 |      17 |   0.0 |  2042
           D:5 |       0 |    1311 |   0.0 |       0 |      38 |   0.0 |  1539
           D:6 |       0 |     464 |   0.0 |       0 |      12 |   0.0 |   655
           D:7 |       0 |    1560 |   0.0 |       0 |      22 |   0.0 |   966
           D:8 |       0 |    3486 |   0.0 |       0 |      30 |   0.0 |   826
           D:9 |       0 |    2286 |   0.0 |       0 |      22 |   0.0 |   737
          D:10 |       0 |    2629 |   0.0 |       0 |      17 |   0.0 |  1115
        Lair:1 |       0 |    5691 |   0.0 |       0 |      27 |   0.0 |  1604
        Lair:2 |       0 |    7374 |   0.0 |       0 |      21 |   0.0 |  1393
        Lair:3 |       0 |   11687 |   0.0 |       0 |      38 |   0.0 |  1793
        Lair:4 |       0 |    4061 |   0.0 |       0 |      21 |   0.0 |  1143
        Lair:5 |       0 |    7640 |   0.0 |       0 |      27 |   0.0 |  1414
        Lair:6 |       0 |    9732 |   0.0 |       0 |      39 |   0.0 |   698
               +---------+---------+-------+---------+---------+-------+---------
